Map: Abyssal Reef LE

Players

Yata

  • Race: Zerg Zerg
  • League: Platinum
  • Spawn Location: 5:00

Myhome - Winner!

  • Race: Terran Terran
  • League: Diamond
  • Spawn Location: 11:00

VOD

Have the link to the VOD?

Description

Time

  • Played on: Oct. 7, 2017, 7:36 p.m.
  • Length: 14:23
Show
View Real Time Build Order
Export as new Build Order

Yata Zerg 

Build Orders: Pool First 

Get SALT Encoding   

  12  0:01  Drone  
  13  0:08  Drone  
  14  0:17  Overlord  
  14  0:35  Drone x3  
  17  0:49  Extractor  
  16  0:51  Spawning Pool  
  16  0:56  Drone  
  16  1:05  Drone  
  17  1:18  Hatchery  
  16  1:26  Drone x2  
  16  1:29  Drone  
  19  1:39  Queen  
  19  1:43  Overlord  
  21  2:03  Zergling x2  
  21  2:04  Zergling x2  
  23  2:25  Zergling x4  
  23  2:27  Metabolic Boost  
  25  2:31  Evolution Chamber  
  25  2:33  Queen  
  26  2:37  Drone  
  26  2:38  Drone  
  28  2:49  Drone x5  
  33  2:53  Drone  
  34  3:03  Drone x2  
  35  3:18  Zerg Melee Weapons Level 1  
  35  3:37  Baneling Nest  
  34  3:45  Drone  
  34  3:47  Drone  
  36  4:08  Pneumatized Carapace  
  36  4:11  Overlord x4  
  36  4:21  Baneling x3  
  36  4:32  Drone x3  
  36  4:33  Drone x3  
  36  4:36  Hatchery  
  41  4:39  Extractor, Drone x3  
  41  4:40  Drone  
  41  4:41  Drone x2  
  41  4:42  Drone x2  
  41  4:43  Drone  
  49  4:47  Queen  
  49  5:16  Zergling x2  
  49  5:17  Zergling x14  
  57  5:50  Drone x7  
  63  5:57  Extractor  
  58  6:12  Zergling x2  
  58  6:13  Zergling x14  
  66  6:19  Lair  
  66  6:21  Zergling x6  
  69  6:40  Queen x2  
  73  6:58  Drone  
  74  7:03  Overlord x5  
  74  7:05  Baneling x3  
  74  7:11  Baneling x4  
  74  7:12  Baneling  
  74  7:14  Overlord x4  
  74  7:23  Zerg Melee Weapons Level 2  
  74  7:29  Hydralisk Den  
  71  7:57  Zergling x12  
  71  7:58  Zergling x36  
  86  8:14  Muscular Augments  
  86  8:15  Centrifical Hooks  
  86  8:26  Baneling  
  86  8:27  Baneling x3  
  86  8:32  Baneling  
  86  8:33  Baneling x7  
  86  8:44  Hatchery  
  72  9:19  Baneling x4  
  72  9:26  Drone x11  
  72  9:27  Drone x6  
  72  9:30  Hydralisk  
  72  9:31  Drone, Hydralisk x3  
  92  9:32  Hydralisk x6  
  92  9:33  Hydralisk  
  112  9:56  Hydralisk  
  112  9:57  Zergling x2  
  112  9:58  Zergling x20  
  112  9:59  Zergling x4  
  125  10:17  Queen  
  127  10:25  Infestation Pit  
  127  10:27  Drone x9  
  132  10:53  Queen  
  134  11:00  Zerg Ground Armor Level 1  
  126  11:13  Drone  
  126  11:14  Drone x8  
  135  11:43  Extractor  
  135  11:45  Hatchery  
  133  11:54  Hydralisk  
  133  12:00  Baneling x3  
  133  12:01  Baneling  
  135  12:14  Hive  
  135  12:18  Evolution Chamber  
  115  12:25  Hatchery  
  103  12:49  Drone x4  
  103  12:50  Drone x12  
  119  12:55  Overlord x4  
  117  13:18  Drone x12  
  117  13:19  Drone x4  
  127  13:51  Ultralisk Cavern  
  127  13:52  Extractor  
  125  13:57  Baneling  
  125  13:58  Baneling x5  
  125  13:59  Zergling x6  
  125  14:00  Zergling x48  
Show
View Real Time Build Order
Export as new Build Order

Myhome Terran - Winner!

Build Orders: Reaper Expand, MMM Bio 

Get SALT Encoding   

  12  0:04  SCV  
  13  0:16  SCV  
  13  0:19  Supply Depot  
  14  0:28  SCV  
  15  0:41  SCV  
  15  0:42  Barracks  
  16  0:46  Refinery  
  16  0:53  SCV  
  17  1:09  SCV  
  18  1:21  SCV  
  19  1:36  Orbital Command  
  19  1:45  Command Center  
  19  1:54  Reaper  
  20  2:03  SCV  
  20  2:04  Supply Depot  
  21  2:16  SCV  
  22  2:27  Barracks  
  22  2:31  Factory  
  22  2:35  Marine  
  23  2:38  SCV  
  24  2:50  SCV  
  25  2:51  Barracks  
  25  2:56  Refinery  
  26  3:00  Orbital Command  
  25  3:18  SCV  
  26  3:22  Barracks Reactor, Barracks Tech Lab  
  26  3:33  SCV  
  27  3:46  Marine  
  27  3:48  SCV, Factory Tech Lab  
  27  3:54  Starport  
  27  3:57  Marine  
  28  4:04  Marine x2  
  28  4:09  Marine  
  30  4:11  Stimpack  
  30  4:15  SCV  
  31  4:17  Barracks Reactor  
  31  4:23  Barracks  
  31  4:25  Command Center  
  31  4:27  SCV  
  32  4:32  Marine x2  
  32  4:34  Marine  
  32  4:36  Orbital Command  
  35  4:44  Medivac  
  37  4:47  SCV  
  37  4:52  Marine x2  
  40  4:53  Marine x2  
  42  5:03  SCV x2  
  44  5:08  Marine  
  44  5:11  Barracks Reactor  
  44  5:12  Marine  
  46  5:25  Marine  
  46  5:26  SCV x2  
  46  5:47  SCV x2  
  46  5:49  Orbital Command  
  46  5:57  Marine x4  
  46  5:58  Marine x2  
  50  6:15  SCV x2  
  52  6:19  Marine x4  
  52  6:20  Marine x3  
  52  6:24  Medivac  
  61  6:25  Combat Shields  
  61  6:30  SCV  
  61  6:31  SCV  
  63  6:42  SCV  
  63  6:43  SCV  
  63  6:45  Marine x4  
  69  6:52  Supply Depot x2  
  69  6:58  Engineering Bay  
  69  7:00  Engineering Bay  
  69  7:10  Supply Depot  
  69  7:12  Supply Depot  
  69  7:13  Marine x7  
  76  7:17  Orbital Command  
  76  7:19  SCV x2  
  78  7:31  Starport Reactor, Marine x2, SCV  
  78  7:36  SCV  
  82  7:38  Marine x3  
  82  7:39  Marine x2  
  82  7:43  SCV  
  88  7:47  Refinery  
  88  7:48  Terran Infantry Armor Level 1, Terran Infantry Weapons Level 1, Refinery  
  85  7:55  SCV x2  
  85  7:56  SCV  
  69  8:11  Marine x6  
  69  8:12  Marine  
  76  8:13  SCV x2  
  78  8:29  Marine  
  78  8:31  Marine x3  
  78  8:32  Marine x3  
  85  8:47  Marine  
  86  8:49  Marine x5  
  86  8:50  Marine  
  91  8:59  Medivac x2  
  95  9:04  Marine  
  95  9:06  Barracks  
  95  9:07  Barracks, Marine x4  
  95  9:08  Armory  
  100  9:11  Marine x2  
  95  9:22  Marine, Missile Turret  
  95  9:23  Missile Turret  
  97  9:24  SCV x3  
  97  9:25  Marine x2  
  101  9:48  Supply Depot  
  101  9:49  Supply Depot  
  101  10:01  Marine x2  
  101  10:09  Marine x7  
  108  10:19  Marine x2  
  110  10:27  Marine x6  
  110  10:28  SCV  
  117  10:30  SCV  
  117  10:31  SCV  
  117  10:32  Supply Depot  
  117  10:33  Supply Depot  
  117  10:35  Supply Depot  
  107  10:39  Terran Infantry Weapons Level 2, Terran Infantry Armor Level 2  
  107  10:40  SCV  
  108  10:43  Marine x2  
  110  10:50  Marine x3  
  110  10:55  Marine x3  
  116  11:11  Marine x6  
  117  11:13  Marine x2  
  124  11:20  Supply Depot  
  124  11:21  SCV  
  124  11:22  Supply Depot  
  125  11:29  Marine x4  
  125  11:30  Marine  
  130  11:33  SCV x2  
  132  11:41  Medivac  
  132  11:42  Medivac  
  132  11:44  Barracks Tech Lab  
  132  11:45  Barracks Tech Lab  
  136  11:51  Marine x3  
  136  11:52  Marine  
  140  12:01  Drilling Claws  
  140  12:02  Marine x3  
  140  12:07  Marine x2  
  145  12:28  Marine x5  
  140  12:40  Marine x2  
  140  12:41  Marauder x2  
  144  12:55  SCV  
  144  12:56  Marine, SCV x2  
  144  12:57  Marine x2  
  150  12:58  Marauder  
  150  13:02  Marauder  
  150  13:03  Marauder  
  156  13:05  Missile Turret  
  156  13:07  Missile Turret x2  
  156  13:11  Bunker  
  156  13:14  Marine x2  
  156  13:15  Supply Depot  
  158  13:20  Marauder  
  158  13:21  Marine x4  
  159  13:46  Marine x4  
  163  14:05  Marine  
Tags
 
Composition
MMM Bio
Matchup
TvZ
Replay Pack
Pack 1
Spawn Locations
Cross Positions
Add a new tag
Caveats
  • Supply blocks, unpowered buildings, or Contaminate may cause inaccurate times.
  • Supply counts are checked every 10 seconds.